 Dungeon Crawl Stone Soup version 0.25.1-2-g60ff931df9 (webtiles) character file.

Game seed: 3126670809711483351

514 DearestLeader the Cudgeler (level 7, -2/52 HPs)
             Began as a Demonspawn Abyssal Knight on Sept 15, 2020.
             Was a Priest of Lugonu.
             Slain by an ice beast (12 damage)
             ... on level 5 of the Dungeon.
             The game lasted 00:13:39 (4803 turns).

DearestLeader the Cudgeler (DsAK)                   Turns: 4803, Time: 00:13:40

Health: -2/52      AC: 11    Str: 14    XL:     7   Next: 0%
Magic:  10/10      EV:  9    Int: 14    God:    Lugonu [***...]
Gold:   134        SH:  0    Dex: 12    Spells: 6/6 levels left

rFire    . . .     SeeInvis .   b - +2 whip (venom)
rCold    . . .     Gourm    .   (no shield)
rNeg     . . .     Faith    .   l - +0 scale mail
rPois    .         Spirit   .   (no helmet)
rElec    .         Reflect  .   n - +0 cloak
rCorr    .         Harm     .   i - +0 pair of gloves
MR       .....                  (no boots)
Stlth    ..........             (no amulet)
HPRegen  0.17/turn              (no ring)
MPRegen  0.12/turn              (no ring)

@: lethally poisoned (-2 -> -5)
A: claws 1, yellow scales 1, demonic guardian 1
a: Depart the Abyss, Bend Space, Banish, Renounce Religion


You were on level 5 of the Dungeon.
You worshipped Lugonu.
Lugonu was most pleased with you.
You were not hungry.

You visited 1 branch of the dungeon, and saw 5 of its levels.
You visited the Abyss 1 time.

You collected 134 gold pieces.

Inventory:

Hand Weapons
 a - a +1 hand axe
 b - a +2 whip of venom (weapon)
 d - a +0 whip of venom
 s - a +0 war axe
Armour
 i - a +0 pair of gloves (worn)
 l - a +0 scale mail (worn)
 n - a +0 cloak (worn)
Wands
 r - a wand of iceblast (6)
Scrolls
 h - 4 scrolls of teleportation {unknown}
 j - 2 scrolls of fog {unknown}
 k - a scroll of amnesia {unknown}
 m - a scroll of remove curse
 p - a scroll of noise {unknown}
 t - 4 scrolls of identify
Potions
 e - a potion of ambrosia
 f - 2 potions of stabbing
 g - 2 potions of curing
 o - 2 potions of brilliance
 q - a potion of degeneration {unknown}
 u - a potion of cancellation {unknown}
 v - 2 potions of lignification {unknown}
Comestibles
 c - 4 rations


   Skills:
 - Level 3.0 Fighting
 - Level 1.8(3.8) Axes
 * Level 5.2(5.4) Maces & Flails
 + Level 2.8 Armour
 - Level 0.8 Dodging
 + Level 5.1 Invocations


You had 6 spell levels left.
You didn't know any spells.
Your spell library was empty.

Dungeon Overview and Level Annotations

Branches:
Dungeon (5/15)             Temple (0/1) D:4

Altars:
Dithmenos
Gozag
Ru

Annotations:
D:3 1 runed translucent door, Crazy Yiuf
D:5 Menkaure


Innate Abilities, Weirdness & Mutations

You have sharp fingernails.
You are partially covered in yellow scales. (AC +2)
A weak demonic guardian rushes to your aid.


Message History

The jackal convulses! x2; The worker ant convulses!
Your body is wracked with pain!
You feel sick.
You feel sick. The worker ant bites you.
You are more poisoned.
The worker ant poisons you!
You feel sick.
The worker ant bites you but does no damage.
You feel sick.
Your white imp gestures at the worker ant.
The puff of frost hits the worker ant.
You feel sick.
Something closely misses your white imp.
You feel sick.
There is a stone staircase leading up here.
You don't know any spells.
You feel sick. The ice beast hits you.
* * * LOW HITPOINT WARNING * * *
The ice beast freezes you!
You die...

##M#####.# #.h.##..#
###5##.# #..h.## ..
##.#5a# #.# ...##.#
#....#####5### #..
#...#### #..## ###5Y@.#
#....#########.#######
#.........####.......#
####..###.....###....###.
##.# #####..##........
#.# ###.......####
###.######.........#
#..................#
#.<)......>........#


You could see an ice beast, a shadow imp and a friendly white imp (summoned).

Vanquished Creatures
  Purgy (D:3)
  2 orc priests (D:4)
  Jessica (D:3)
  A worker ant (D:4)
  An orc wizard (D:4)
  A hound skeleton (D:5)
  5 adders
  An ooze (D:2)
  5 dart slugs
  5 leopard geckos
  10 orcs
  6 bats
  10 giant cockroaches
  6 goblins
  5 hobgoblins
  7 jackals (D:1)
  A quokka (D:2)
  A ball python (D:4)
  4 frilled lizards
  8 kobolds
  8 rats
89 creatures vanquished.

Vanquished Creatures (collateral kills)
  A howler monkey (D:2)
  Terence (D:2)
  An adder (D:3)
  3 orcs (D:4)
  A rat (D:2)
7 creatures vanquished.

Vanquished Creatures (others)
  3 killer bees (D:4)
3 creatures vanquished.

Grand Total: 99 creatures vanquished

Notes
Turn   | Place    | Note
-------+----------+-------------------------------------------
     0 | Abyss:1  | DearestLeader the Demonspawn Abyssal Knight began the quest
                  | for the Orb.
     0 | Abyss:1  | Reached XP level 1. HP: 18/18 MP: 2/2
    27 | D:1      | Escaped the Abyss
   276 | D:1      | Reached skill level 1 in Maces & Flails
   451 | D:1      | Gained mutation: You are partially covered in yellow
                  | scales. (AC +2) [demonic ancestry]
   451 | D:1      | Reached XP level 2. HP: 20/24 MP: 3/3
   938 | D:1      | Gained mutation: A weak demonic guardian rushes to your
                  | aid. [demonic ancestry]
   938 | D:1      | Reached XP level 3. HP: 27/29 MP: 4/4
  1053 | D:1      | Reached ** piety under Lugonu
  1594 | D:2      | Reached XP level 4. HP: 31/35 MP: 4/6
  1752 | D:2      | Found a sacrificial altar of Ru.
  1825 | D:2      | Noticed Terence
  1833 | D:2      | Killed Terence
  2289 | D:2      | Gained mutation: You have sharp fingernails. [demonic
                  | ancestry]
  2289 | D:2      | Reached XP level 5. HP: 41/41 MP: 7/7
  2588 | D:3      | Found a faded altar of an unknown god.
  2595 | D:3      | Noticed Jessica
  2608 | D:3      | Killed Jessica
  2802 | D:3      | Noticed Purgy
  2830 | D:3      | Killed Purgy
  2830 | D:3      | Reached XP level 6. HP: 19/47 MP: 9/9
  3059 | D:3      | Reached *** piety under Lugonu
  3463 | D:3      | Found a runed translucent door.
  3464 | D:3      | Noticed Crazy Yiuf
  3915 | D:4      | Found a staircase to the Ecumenical Temple.
  4032 | D:4      | Reached skill level 5 in Maces & Flails
  4061 | D:4      | HP: 2/47 [orc/+0 trident (2)]
  4063 | D:4      | Reached skill level 5 in Invocations
  4074 | D:4      | HP: 1/47 [orc (2)]
  4519 | D:4      | Found a shadowy altar of Dithmenos.
  4520 | D:4      | Found an opulent altar of Gozag.
  4708 | D:5      | Entered Level 5 of the Dungeon
  4736 | D:5      | Reached XP level 7. HP: 50/52 MP: 10/10
  4781 | D:5      | Noticed Menkaure
  4803 | D:5      | Slain by an ice beast

Illustrated notes

Levels and vault maps discovered:
D:1:      dpeg_arrival_rhombi, layout_basic
D:2:      layout_loops_ring, nicolae_ru_sacrificial_ziggurat, uniq_terence
D:3:      layout_basic, chequers_ecumenical_altar_simple, grunt_ministairs_10,
          uniq_jessica, uniq_purgy, uniq_crazy_yiuf_cottage
D:4:      layout_cave_pools, gammafunk_temple_overflow_statue, temple_pool_b,
          first_ration
D:5:      layout_rooms, nicolae_tso_swordbearing_angel, uniq_menkaure

Skill      XL: |  1  2  3  4  5  6 |
---------------+-------------------+-----
Maces & Flails | 1 2 3 4 5 |  5.2
Invocations    | 3 4 5 |  5.1
Armour         | 2 |  2.8
Fighting       | |  3.0
Axes           | |  1.8
Dodging        | |  0.8

Action                   |  1- 3 |  4- 6 |  7- 9 || total
-------------------------+-------+-------+-------++-------
Melee: Whip              |   102 |   208 |     7 ||   317
       Hand axe          |     3 |       |       ||     3
Invok: Banish            |       |     3 |       ||     3
       Bend Space        |       |     1 |       ||     1
  Use: Potion            |     1 |     1 |       ||     2
       Scroll            |       |     5 |       ||     5
 Stab: Sleeping          |     1 |       |       ||     1
  Eat: Chunk             |     2 |    11 |       ||    13
Armor: Leather armour    |     4 |       |       ||     4
       Ring mail         |    40 |     7 |       ||    47
       Scale mail        |       |    98 |     2 ||   100
Dodge: Dodged            |    69 |    88 |     3 ||   160
